 Dungeon Crawl Stone Soup version 0.31-a0-1611-g890cdf5628 (webtiles) character file.

Game seed: 4279026698654878293

190 sirboomalot the Chopper (level 5, 0/37 HPs)
             Began as an Octopode Monk on Jan 8, 2024.
             Was a Believer of Dithmenos.
             Killed from afar by a white imp (10 damage)
             ... with a puff of frost
             ... on level 4 of the Dungeon.
             The game lasted 00:07:02 (2878 turns).

sirboomalot the Chopper (Octopode Monk)             Turns: 2878, Time: 00:07:03

Health: 0/37       AC:  1    Str: 13      XL:     5   Next: 69%
Magic:  5/5        EV: 14    Int: 12      God:    Dithmenos [**....]
Gold:   47         SH:  0    Dex: 13 (14) Spells: 4/4 levels left

rFire   . . .        a - +0 hand axe
rCold   . . .        (no shield)
rNeg    . . .        (helmet restricted)
rPois   .            (no amulet)
rElec   .            (no ring)
rCorr   .            (no ring)
SInv    .            (no ring)
Will    .....        (no ring)
Stlth   +++          (no ring)
HPRegen 0.26/turn    (no ring)
MPRegen 0.09/turn    (no ring)
                     (no ring)

%: no passive effects
@: wreathed by umbra
A: almost no armour, amphibious, 8 rings, camouflage 1, gelatinous body 1,
(nimble swimmer 1), tentacles
a: Renounce Religion, Shadow Step


You were on level 4 of the Dungeon.
You worshipped Dithmenos.
Dithmenos was pleased with you.
You visited 1 branch of the dungeon, and saw 4 of its levels.

You collected 95 gold pieces.
You spent 48 gold pieces at shops.

Inventory:

Hand Weapons
 a - a +0 hand axe (weapon)
Scrolls
 d - a scroll of noise {unknown}
 h - a scroll of immolation
 i - a scroll of acquirement {unknown}
 k - a scroll of silence {unknown}
 l - a scroll of fog {unknown}
 m - a scroll of vulnerability
Potions
 b - 3 potions of ambrosia
 e - a potion of magic
 f - 3 potions of curing
 j - a potion of cancellation
 o - a potion of heal wounds


   Skills:
 + Level 4.0 Fighting
 + Level 5.0 Axes
 + Level 3.7 Dodging


You had 4 spell levels left.
You didn't know any spells.
Your spell library contained the following spells:

 Spells                   Type           Power      Damage    Failure   Level
 Magic Dart               Conj           0%         1d3       32%         1
 Blink                    Tloc           0%         N/A       45%         2
 Call Imp                 Summ           0%         N/A       45%         2
 Haunt                    Necr/Summ      0%         N/A       100%        7
 Borgnjor's Revivificati  Necr           0%         N/A       100%        8
 Death's Door             Necr           0%         N/A       100%        9


Dungeon Overview and Level Annotations

Branches:
Dungeon (4/15)
 Temple: D:4-7

Altars:
Dithmenos
Kikubaaqudgha
Trog

Shops:
D:2 ?


Innate Abilities, Weirdness & Mutations

You cannot wear most types of armour.
You are amphibious.
You can wear up to eight rings at the same time.
Your skin changes colour to match your surroundings (Stealth+).
Your rubbery body absorbs attacks. (AC +1, EV +1)
((You are camouflaged when in or above water. (Stealth+)))
You have tentacles for arms and can constrict up to eight enemies at once.


Message History

Your Axes skill increases to level 5!
An orc priest comes into view. It is wielding a +0 short sword.
The orc misses you.
The orc priest moves out of view.
The iguana hisses angrily.
You hit the orc. Your grab misses the orc.
The orc is almost dead.
You closely miss the white imp. The white imp gestures at you.
The puff of frost hits you.
A kobold comes into view. It is wielding a +0 whip.
You slash the orc!
You kill the orc!
Dithmenos accepts your kill.
You closely miss the white imp. You barely miss the orc priest.
You hit the hobgoblin but do no damage. The white imp gestures at you.
The puff of frost hits you. The hobgoblin closely misses you.
A wyvern comes into view.
The wyvern hisses angrily.
You hit the orc priest but do no damage.
You grab the orc priest.
You squeeze the orc priest, but do no damage.
You hit the hobgoblin but do no damage. You hit the white imp.
You constrict the orc priest, but do no damage.
The white imp hits you. The white imp freezes you. The hobgoblin hits you.
* * * LOW HITPOINT WARNING * * *
The orc priest hits you with a +0 flail.
* * * LOW HITPOINT WARNING * * *
Blink to where?
Press: ? - help, Dir - move target You lose your grip on the orc priest.
As you read the scroll of blinking, it crumbles to dust.
The orc priest looks braver for a moment.
You barely miss the gnoll bouda.
The gnoll bouda shouts!
You grab the gnoll bouda. You constrict the gnoll bouda.
You hear a shout! x2
The white imp gestures at you. The puff of frost hits you!
You die...

.... ... .... #### #...
..... ..# #.... .....
..##..........#
......#..............
......#.........⌠..##.
.................K...
.......g.#......l..#
.....###@#.........##.
... #.....5.l......
#.#########...........#
#......†.).......go...#
#........).......o......o
............#............
##.........##.........)..
#.........###.../.......
#.........# ##.....##...


You could see a gnoll bouda, an iguana, an orc priest, a white imp, an orc and a
hobgoblin.

Vanquished Creatures
  A quasit (D:4)
  An orc priest (D:3)
  2 gnolls (D:4)
  2 adders
  2 ribbon worms
  A dart slug (D:3)
  6 orcs
  5 bats
  6 endoplasms
  A giant cockroach (D:1)
  7 goblins
  5 hobgoblins
  10 jackals
  5 quokkas
  4 ball pythons
  4 frilled lizards (D:1)
  5 kobolds
  4 rats
71 creatures vanquished.

Notes
Turn   | Place    | Note
-------+----------+-------------------------------------------
     0 | D:1      | sirboomalot the Octopode Monk began the quest for the Orb.
     0 | D:1      | Reached XP level 1. HP: 16/16 MP: 1/1
   109 | D:1      | Reached XP level 2. HP: 21/21 MP: 2/2
   837 | D:2      | Reached XP level 3. HP: 26/26 MP: 3/3
  1617 | D:2      | Reached XP level 4. HP: 22/31 MP: 4/4
  1691 | D:2      | Reached skill level 4 in Axes
  1708 | D:2      | Found a shadowy altar of Dithmenos.
  1715 | D:2      | Became a worshipper of Dithmenos the Shadowed
  1715 | D:2      | Reached * piety under Dithmenos
  1715 | D:2      | Reached ** piety under Dithmenos
  1858 | D:2      | Found The Oracle's Delphic Readings.
  1862 | D:2      | Bought a scroll of identify for 24 gold pieces
  1862 | D:2      | Bought a scroll of identify for 24 gold pieces
  1949 | D:3      | Found a bloodstained altar of Trog.
  2129 | D:3      | Found an ancient bone altar of Kikubaaqudgha.
  2349 | D:3      | Reached XP level 5. HP: 21/37 MP: 5/5
  2873 | D:4      | Reached skill level 5 in Axes
  2875 | D:4      | Noticed a wyvern
  2878 | D:4      | Killed from afar by a white imp

Illustrated notes

Levels and vault maps discovered:
D:1:      zelgadis_glass_arrival_small, layout_basic, minmay_strange_pillars,
          minmay_misc_feat_rows, interstate_on_off
D:2:      layout_loops_corners, serial_forest, infiniplex_forest_clump_curved,
          infiniplex_forest_straight_3, infiniplex_forest_diagonal,
          infiniplex_forest_end_3, infiniplex_forest_clump_medium,
          infiniplex_forest_end_2, infiniplex_forest_join,
          infiniplex_forest_end_2, infiniplex_forest_lined_2,
          infiniplex_forest_corner_2, basic_altar, supply_closet_lemuel,
          nicolae_nh_oracle_at_delphi
D:3:      layout_basic, lemuel_round_altar, trog_three_pillars_becter,
          minmay_misc_feat_five
D:4:      layout_rooms, kennysheep_mini, minmay_temple_entry_fiery,
          serial_shops, shop, shop, shop, serial_demonic, serial_demonic_d,
          serial_demonic_g, serial_demonic_a, serial_demonic_g,
          serial_demonic_c, serial_demonic_f, kennysheep_opposing_triangles

Skill      XL: |  1  2  3  4  5 |
---------------+----------------+-----
Axes           | 4 5 |  5.0
Fighting       | 4 |  4.0
Dodging        | |  3.7

Action                     |  1- 3 |  4- 6 || total
---------------------------+-------+-------++-------
  Melee: Hand axe          |    65 |    66 ||   131
         Tentacles         |    17 |    15 ||    32
         Constrict         |    24 |    19 ||    43
    Use: Potion            |     1 |       ||     1
         Scroll            |       |     8 ||     8
   Stab: Sleeping          |     3 |     4 ||     7
 Armour: Skin              |    23 |    30 ||    53
  Dodge: Dodged            |    40 |    55 ||    95

Table legend: (Time is in decaauts)
 A = Elapsed time spent in this place.
 B = Non-inter-level travel time spent in this place.
 C = Inter-level travel time spent in this place.
 D = Time resting spent in this place.
 E = Time spent auto-exploring this place.
 F = Levels seen in this place.
 G = Mean time per level.
                   A        B        C        D        E       F      G
               +--------+--------+--------+--------+--------+-----+--------+
         Total |   2891 |   2836 |     55 |      0 |   2378 |   4 |  722.8 |
       Dungeon |   2891 |   2836 |     55 |      0 |   2378 |   4 |  722.8 |
               +--------+--------+--------+--------+--------+-----+--------+

Top non-repeatable levels by time:
     D:2: 1155 daAuts
     D:3: 875 daAuts
     D:1: 768 daAuts
     D:4: 91 daAuts
